[ AOE2 MATCH · #505855292 ]
UnrankedBurgundians vs Maya
Rival team · LOSS
[ REPLAY ANALYSIS · EXTRACTED FROM THE RECORDED GAME ]
Feudal
10:10
Castle
22:28
Imperial
37:13
| APM avg | 64.3 |
| APM peak | 95 |
| eAPM avg | 37.5 |
| Villagers / military | 112 / 65 |
Focus
⚔️ 47.0% · 🌾 53.0%
Skirmisher ×34 · Scout Cavalry ×28 · Fishing Ship ×13 · Battering Ram ×3
Feudal
8:29
Castle
21:35
Imperial
—
| APM avg | 59.2 |
| APM peak | 104 |
| eAPM avg | 31.9 |
| Villagers / military | 113 / 42 |
Focus
⚔️ 44.3% · 🌾 55.7%
Archer ×30 · Mangonel ×6 · Monk ×3 · Battering Ram ×3
Match map
Initial resources + every placement click. Lines = walls · curves = elevation contours. ◆ gold · ⬟ stone · ● berries · ✦ relic · ◌ wall gap
Your base· ✓ Closed at 22:28 · 58t walls · 2 gate(s)
Dennis哥's base· ✓ Closed at 21:35 · 33t walls · no gate
Smoothed initial terrain · ◌ = detected wall gap · hover for details
Inputs per minute
— _Barles_ - - Dennis哥
Build order — _Barles_
First 150 of 364 actions detected
| 0:01 | Queue | Villager (Male) |
| 0:02 | Build | House |
| 0:03 | Build | House |
| 0:04 | Queue | Villager (Male) |
| 0:35 | Queue | Villager (Male) |
| 0:51 | Queue | Villager (Male) |
| 1:24 | Queue | Villager (Male) |
| 1:47 | Build | Lumber Camp |
| 1:51 | Queue | Villager (Male) |
| 2:21 | Queue | Villager (Male) |
| 2:44 | Research | Double-Bit Axe |
| 2:45 | Research | Double-Bit Axe |
| 2:54 | Queue | Villager (Male) |
| 3:20 | Queue | Villager (Male) |
| 3:39 | Build | House |
| 3:43 | Queue | Villager (Male) |
| 4:00 | Build | Palisade Wall |
| 4:02 | Build | House |
| 4:04 | Queue | Villager (Male) |
| 4:21 | Queue | Villager (Male) |
| 4:36 | Build | Palisade Wall |
| 4:38 | Build | Palisade Wall |
| 4:42 | Queue | Villager (Male) |
| 5:02 | Queue | Villager (Male) |
| 5:25 | Build | Palisade Wall |
| 5:27 | Queue | Villager (Male) |
| 5:31 | Build | Mill |
| 5:56 | Build | Palisade Wall |
| 6:01 | Research | Loom |
| 6:23 | Queue | Villager (Male) |
| 6:33 | Build | Palisade Wall |
| 6:51 | Queue | Villager (Male) |
| 7:24 | Queue | Villager (Male) |
| 7:46 | Build | Palisade Wall |
| 7:56 | Build | House |
| 8:00 | Research | Feudal Age |
| 8:00 | Research | Feudal Age |
| 8:14 | Build | Dock |
| 8:20 | Build | Palisade Wall |
| 8:20 | Build | Palisade Wall |
| 8:47 | Build | Lumber Camp |
| 8:59 | Queue | Fishing Ship |
| 9:09 | Build | House |
| 9:12 | Build | House |
| 9:33 | Queue | Villager (Male) |
| 9:37 | Build | Palisade Wall |
| 9:45 | Queue | Fishing Ship |
| 10:10 | Age | Feudal Age |
| 10:19 | Queue | Villager (Male) |
| 10:23 | Research | Bow Saw |
| 10:30 | Build | Fish Trap |
| 10:33 | Build | Fish Trap |
| 10:38 | Queue | Fishing Ship |
| 10:40 | Queue | Villager (Male) |
| 10:45 | Build | House |
| 11:03 | Build | Stone Wall |
| 11:04 | Queue | Villager (Male) |
| 11:16 | Build | House |
| 11:16 | Build | House |
| 11:21 | Build | Fish Trap |
| 11:24 | Queue | Fishing Ship |
| 11:28 | Build | House |
| 11:31 | Queue | Villager (Male) |
| 11:35 | Queue | Skirmisher |
| 11:41 | Build | House |
| 11:43 | Build | House |
| 11:57 | Build | Stone Wall |
| 12:00 | Build | Gate |
| 12:05 | Queue | Villager (Male) |
| 12:08 | Build | Fish Trap |
| 12:12 | Queue | Fishing Ship |
| 12:18 | Build | Gate |
| 12:20 | Queue | Villager (Male) |
| 12:28 | Queue | Skirmisher |
| 12:44 | Build | Blacksmith |
| 12:46 | Queue | Skirmisher |
| 12:59 | Build | Fish Trap |
| 13:00 | Queue | Fishing Ship |
| 13:01 | Queue | Villager (Male) |
| 13:10 | Queue | Skirmisher |
| 13:25 | Queue | Villager (Male) |
| 13:33 | Research | Fletching |
| 13:34 | Research | Fletching |
| 13:41 | Build | House |
| 13:44 | Build | Fish Trap |
| 13:46 | Build | Dock |
| 13:47 | Queue | Fishing Ship |
| 13:50 | Queue | Villager (Male) |
| 13:59 | Queue | Skirmisher |
| 14:21 | Queue | Villager (Male) |
| 14:23 | Build | Market |
| 14:28 | Research | Tech 906 |
| 14:36 | Queue | Skirmisher |
| 14:48 | Queue | Villager (Male) |
| 14:49 | Queue | Fishing Ship |
| 14:50 | Queue | Fishing Ship |
| 15:01 | Build | House |
| 15:01 | Build | House |
| 15:04 | Build | Fish Trap |
| 15:16 | Queue | Villager (Male) |
| 15:19 | Queue | Fishing Ship |
| 15:21 | Queue | Fishing Ship |
| 15:32 | Build | Mining Camp |
| 15:36 | Build | House |
| 15:41 | Build | Fish Trap |
| 15:42 | Build | Fish Trap |
| 15:50 | Build | House |
| 15:55 | Queue | Villager (Male) |
| 15:56 | Research | Gillnets |
| 15:56 | Research | Gillnets |
| 16:01 | Build | Farm |
| 16:02 | Build | Farm |
| 16:16 | Build | Fish Trap |
| 16:18 | Build | Fish Trap |
| 16:23 | Build | House |
| 16:38 | Queue | Villager (Male) |
| 16:50 | Queue | Villager (Male) |
| 17:07 | Build | Farm |
| 17:08 | Build | Farm |
| 17:20 | Build | Watch Tower |
| 17:26 | Queue | Villager (Male) |
| 17:27 | Build | Farm |
| 17:28 | Queue | Fishing Ship |
| 17:28 | Queue | Fishing Ship |
| 17:40 | Build | Farm |
| 17:57 | Queue | Skirmisher |
| 18:00 | Queue | Villager (Male) |
| 18:01 | Build | Farm |
| 18:11 | Build | Fish Trap |
| 18:13 | Build | Fish Trap |
| 18:16 | Research | Padded Archer Armor |
| 18:23 | Queue | Villager (Male) |
| 18:24 | Queue | Skirmisher |
| 18:40 | Queue | Villager (Male) |
| 18:46 | Queue | Skirmisher |
| 19:03 | Queue | Skirmisher |
| 19:11 | Queue | Villager (Male) |
| 19:33 | Build | Palisade Wall |
| 19:48 | Research | Castle Age |
| 19:48 | Research | Castle Age |
| 20:01 | Build | House |
| 20:20 | Queue | Skirmisher |
| 20:20 | Queue | Skirmisher |
| 20:37 | Research | Gold Mining |
| 20:37 | Research | Gold Mining |
| 20:40 | Build | Lumber Camp |
| 21:06 | Build | Lumber Camp |
| 21:07 | Queue | Skirmisher |
| 21:13 | Research | Horse Collar |
| 21:13 | Research | Horse Collar |
Build order — Dennis哥
First 150 of 327 actions detected
| 0:00 | Research | Loom |
| 0:01 | Queue | Villager (Male) ×3 |
| 0:03 | Build | House |
| 0:05 | Build | House |
| 1:21 | Queue | Villager (Male) |
| 1:22 | Queue | Villager (Male) |
| 1:50 | Build | Lumber Camp |
| 1:55 | Queue | Villager (Male) |
| 2:27 | Queue | Villager (Male) |
| 2:28 | Queue | Villager (Male) |
| 2:28 | Queue | Villager (Male) |
| 3:07 | Queue | Villager (Male) |
| 3:07 | Queue | Villager (Male) |
| 3:31 | Build | House |
| 3:35 | Build | House |
| 3:42 | Queue | Villager (Male) |
| 3:42 | Queue | Villager (Male) |
| 3:42 | Queue | Villager (Male) |
| 4:19 | Queue | Villager (Male) |
| 4:28 | Build | Palisade Wall |
| 4:37 | Queue | Villager (Male) |
| 5:07 | Build | Mill |
| 5:19 | Queue | Villager (Male) |
| 5:20 | Queue | Villager (Male) |
| 6:19 | Research | Feudal Age |
| 6:19 | Research | Feudal Age |
| 7:23 | Build | Mill |
| 7:31 | Queue | Villager (Male) |
| 7:43 | Build | Mining Camp |
| 8:29 | Age | Feudal Age |
| 8:30 | Queue | Villager (Male) |
| 8:31 | Queue | Archer |
| 8:32 | Research | Double-Bit Axe |
| 9:07 | Build | House |
| 9:08 | Build | House |
| 9:15 | Queue | Villager (Male) |
| 9:26 | Queue | Archer |
| 9:41 | Queue | Villager (Male) |
| 9:58 | Queue | Archer |
| 10:17 | Queue | Villager (Male) |
| 10:25 | Queue | Archer |
| 10:49 | Build | Watch Tower |
| 10:56 | Queue | Villager (Male) |
| 10:57 | Queue | Archer |
| 11:23 | Build | Blacksmith |
| 11:30 | Queue | Villager (Male) |
| 11:32 | Build | Palisade Wall |
| 11:35 | Build | Palisade Wall |
| 11:36 | Build | Palisade Wall |
| 11:44 | Build | Palisade Wall |
| 11:50 | Queue | Archer |
| 11:51 | Queue | Villager (Male) |
| 12:00 | Build | House |
| 12:02 | Build | House |
| 12:18 | Build | House |
| 12:21 | Queue | Villager (Male) |
| 12:25 | Build | Mining Camp |
| 12:36 | Build | Palisade Wall |
| 12:52 | Queue | Villager (Male) |
| 12:59 | Queue | Archer |
| 13:02 | Build | Palisade Wall |
| 13:04 | Queue | Villager (Male) |
| 13:08 | Build | Outpost |
| 13:13 | Queue | Archer |
| 13:17 | Research | Fletching |
| 13:17 | Research | Fletching |
| 13:32 | Queue | Villager (Male) |
| 13:39 | Build | Watch Tower |
| 13:49 | Queue | Villager (Male) |
| 14:03 | Queue | Archer |
| 14:08 | Queue | Villager (Male) |
| 14:34 | Queue | Villager (Male) |
| 14:38 | Build | House |
| 14:39 | Build | House |
| 14:55 | Queue | Archer |
| 14:56 | Queue | Villager (Male) |
| 14:59 | Build | Farm |
| 15:00 | Build | Farm |
| 15:06 | Build | Farm |
| 15:15 | Queue | Villager (Male) |
| 15:25 | Queue | Villager (Male) |
| 15:40 | Build | Market |
| 15:41 | Queue | Villager (Male) |
| 16:03 | Queue | Archer |
| 16:13 | Queue | Villager (Male) |
| 16:18 | Build | Outpost |
| 16:19 | Build | Outpost |
| 16:23 | Build | Watch Tower |
| 16:33 | Build | Watch Tower |
| 16:45 | Queue | Villager (Male) |
| 16:53 | Build | Farm |
| 16:55 | Build | Farm |
| 17:22 | Queue | Villager (Male) |
| 17:32 | Build | Watch Tower |
| 17:44 | Build | Farm |
| 17:45 | Build | Farm |
| 18:02 | Build | Watch Tower |
| 18:10 | Queue | Villager (Male) |
| 18:43 | Build | Farm |
| 18:55 | Research | Castle Age |
| 18:56 | Research | Castle Age |
| 18:56 | Queue | Archer |
| 19:06 | Queue | Archer |
| 19:30 | Build | Farm |
| 19:32 | Research | Horse Collar |
| 19:50 | Queue | Villager (Male) |
| 20:09 | Queue | Villager (Male) |
| 20:15 | Queue | Archer |
| 20:37 | Build | Mining Camp |
| 21:08 | Queue | Villager (Male) |
| 21:23 | Build | Palisade Wall |
| 21:23 | Build | Palisade Wall |
| 21:24 | Build | Palisade Wall |
| 21:24 | Build | Palisade Wall |
| 21:35 | Build | Watch Tower |
| 21:35 | Age | Castle Age |
| 21:39 | Research | Bodkin Arrow |
| 21:39 | Research | Bodkin Arrow |
| 21:40 | Research | Crossbowman (upgrade) |
| 21:40 | Research | Crossbowman (upgrade) |
| 21:44 | Build | University |
| 21:53 | Queue | Villager (Male) |
| 21:57 | Build | Siege Workshop |
| 22:08 | Queue | Villager (Male) |
| 22:11 | Build | Outpost |
| 22:14 | Build | Farm |
| 22:20 | Build | Farm |
| 22:38 | Queue | Villager (Male) |
| 22:48 | Queue | Battering Ram |
| 22:57 | Build | House |
| 23:05 | Queue | Villager (Male) |
| 23:22 | Queue | Villager (Male) |
| 23:24 | Research | Padded Archer Armor |
| 23:24 | Research | Padded Archer Armor |
| 23:26 | Research | Guard Tower (upgrade) |
| 23:26 | Research | Guard Tower (upgrade) |
| 23:46 | Build | Watch Tower |
| 23:54 | Queue | Archer |
| 24:09 | Queue | Villager (Male) |
| 24:19 | Queue | Mangonel |
| 24:20 | Queue | Villager (Male) |
| 24:24 | Queue | Villager (Male) |
| 24:39 | Queue | Villager (Male) |
| 24:42 | Queue | Archer |
| 24:50 | Queue | Villager (Male) |
| 25:08 | Queue | Villager (Male) |
| 25:17 | Build | Town Center |
| 25:21 | Queue | Villager (Male) |
| 25:39 | Queue | Villager (Male) |
| 25:51 | Build | Watch Tower |
Match timeline
| 4:00 | _Barles_ · wall_segment Palisade Wall x1 |
| 4:28 | Dennis哥 · wall_segment Palisade Wall x3 |
| 4:36 | _Barles_ · wall_segment Palisade Wall x3 |
| 4:38 | _Barles_ · wall_segment Palisade Wall x3 |
| 5:25 | _Barles_ · wall_segment Palisade Wall x8 |
| 5:56 | _Barles_ · wall_segment Palisade Wall x13 |
| 6:33 | _Barles_ · wall_segment Palisade Wall x7 |
| 7:46 | _Barles_ · wall_segment Palisade Wall x3 |
| 8:14 | _Barles_ · first_building Dock |
| 8:20 | _Barles_ · wall_segment Palisade Wall x4 |
| 8:20 | _Barles_ · wall_segment Palisade Wall x3 |
| 8:29 | Dennis哥 · age_up feudal |
| 9:37 | _Barles_ · wall_segment Palisade Wall x1 |
| 10:10 | _Barles_ · age_up feudal |
| 11:03 | _Barles_ · wall_segment Stone Wall x11 |
| 11:32 | Dennis哥 · wall_segment Palisade Wall x8 |
| 11:35 | Dennis哥 · wall_segment Palisade Wall x1 |
| 11:36 | Dennis哥 · wall_segment Palisade Wall x1 |
| 11:44 | Dennis哥 · wall_segment Palisade Wall x7 |
| 11:57 | _Barles_ · wall_segment Stone Wall x1 |
| 12:36 | Dennis哥 · wall_segment Palisade Wall x8 |
| 13:02 | Dennis哥 · wall_segment Palisade Wall x1 |
| 17:16 | _Barles_ · first_market_sell 100 wood |
| 17:17 | _Barles_ · first_market_buy 100 stone |
| 18:39 | Dennis哥 · first_market_buy 100 food |
| 18:41 | Dennis哥 · first_market_sell 100 wood |
| 19:33 | _Barles_ · wall_segment Palisade Wall x1 |
| 21:23 | Dennis哥 · wall_segment Palisade Wall x1 |
| 21:23 | Dennis哥 · wall_segment Palisade Wall x1 |
| 21:24 | Dennis哥 · wall_segment Palisade Wall x1 |
| 21:24 | Dennis哥 · wall_segment Palisade Wall x1 |
| 21:35 | Dennis哥 · age_up castle |
| 21:57 | Dennis哥 · first_building Siege Workshop |
| 22:28 | _Barles_ · age_up castle |
| 23:36 | _Barles_ · first_building Siege Workshop |
| 25:01 | _Barles_ · first_building Barracks |
| 26:11 | _Barles_ · first_building Stable |
| 27:15 | Dennis哥 · wall_segment Palisade Wall x1 |
| 29:58 | Dennis哥 · first_building Monastery |
| 32:31 | Dennis哥 · first_building Barracks |
| 33:24 | Dennis哥 · first_building Archery Range |
| 34:12 | _Barles_ · first_building Archery Range |
| 37:13 | _Barles_ · age_up imperial |
| 37:23 | Dennis哥 · resign |
[ AI ANALYSIS · 1 CREDIT ]
What really happened in this match?
Wolo.gg analyzes every decision: build order, eco, micro, common mistakes by bracket. Personalized analysis on WhatsApp or Discord in 30 seconds.
Civ guide
Burgundians
Perfil
Jugador #666976